 Dungeon Crawl Stone Soup version 0.30-a0-475-g03497ec522 (webtiles) character file.

Game seed: 12741875351341925342

10532 themarg the Destroyer (level 11, -6/99 HPs)
             Began as a Yellow Draconian Conjurer on Dec 21, 2022.
             Was a Priest of Vehumet.
             Mangled by Harold
             ... wielding a +2 short sword of electrocution
              (9 damage)
             ... on level 10 of the Dungeon.
             The game lasted 00:35:46 (12628 turns).

themarg the Destroyer (Yellow Draconian Conjurer)  Turns: 12628, Time: 00:35:46

Health: -6/99      AC:  8    Str:  5    XL:     11   Next: 37%
Magic:  23/23      EV: 13    Int: 29    God:    Vehumet [***...]
Gold:   549        SH:  0    Dex:  9    Spells: 14/27 levels left

rFire   . . .      SeeInvis .    s - +12 dagger of Ophing {vorpal, rPois rCorr Str-5}
rCold   + . .      Faith    .    (no shield)
rNeg    . . .      Spirit   .    (body armour unavailable)
rPois   +          Reflect  .    g - +0 hat
rElec   .          Harm     .    J - +0 cloak
rCorr   +          Rampage  .    (no gloves)
Will    .....                    (no boots)
Stlth   ++........               N - amulet of regeneration
HPRegen 1.16/turn                M - ring of protection from cold
MPRegen 0.18/turn                P - +6 ring of intelligence

@: no status effects
A: spit acid, AC +7, unfitting armour, cold-blooded, acid resistance
a: Breathe Acid, Renounce Religion


You were on level 10 of the Dungeon.
You worshipped Vehumet.
Vehumet was most pleased with you.
You visited 2 branches of the dungeon, and saw 11 of its levels.

You collected 549 gold pieces.

Inventory:

Hand Weapons
 m - a +2 dagger of venom
 s - the +12 dagger of Ophing (weapon) {vorpal, rPois rCorr Str-5}
   (You found it on level 4 of the Dungeon)

   It inflicts extra damage upon your enemies.
   Str:       It affects your strength (-5).
   rPois:     It protects you from poison.
   rCorr:     It protects you from acid and corrosion.
 v - a +0 hand axe of electrocution
 B - the +3 trident of Paonog {venom, Dex+4}
   (You found it on level 6 of the Dungeon)

   It poisons the flesh of those it strikes.
   Dex:       It affects your dexterity (+4).
Missiles
 f - 6 atropa-tipped darts
 l - 22 poisoned darts
 o - 70 stones
 p - 15 boomerangs
Armour
 g - a +0 hat (worn)
 J - a +0 cloak (worn)
 S - a +0 pair of boots
Magical Staves
 k - a staff of air
Jewellery
 M - a ring of protection from cold (left hand)
 N - an amulet of regeneration (around neck)
 P - a +6 ring of intelligence (right hand)
 Q - a ring of flight
 T - a ring of ice
Wands
 y - a wand of quicksilver (16)
 E - a wand of paralysis (5)
 I - a wand of roots (7)
 R - a wand of mindburst (5)
Scrolls
 b - 3 scrolls of immolation
 e - a scroll of vulnerability {unknown}
 i - 2 scrolls of enchant weapon {unknown}
 j - 2 scrolls of fog
 n - 3 scrolls of fear
 q - 2 scrolls of brand weapon {unknown}
 r - 3 scrolls of poison {unknown}
 A - 4 scrolls of magic mapping
 C - 2 scrolls of noise {unknown}
 D - a scroll of teleportation
 F - a scroll of silence {unknown}
 G - a scroll of butterflies {unknown}
 K - 4 scrolls of amnesia
 L - a scroll of enchant armour {unknown}
Potions
 a - 6 potions of flight
 c - 2 potions of haste
 d - 2 potions of brilliance
 h - 2 potions of curing
 t - 2 potions of might
 u - 4 potions of attraction
 w - a potion of magic
 x - 2 potions of lignification {unknown}
 z - 2 potions of berserk rage {unknown}
 H - a potion of invisibility {unknown}
 O - a potion of degeneration {unknown}


   Skills:
 - Level 10.0 Fighting
 - Level 5.0 Dodging
 - Level 3.0 Stealth
 + Level 8.5 Spellcasting
 - Level 10.0 Conjurations
 - Level 3.0 Hexes
 - Level 3.0 Translocations
 - Level 5.0 Evocations


You had 14 spell levels left.
You knew the following spells:

 Your Spells              Type           Power      Damage    Failure   Level
a - Magic Dart            Conj           100%       1d8       1%          1
b - Searing Ray           Conj           100%       2d8       1%          2
c - Fulminant Prism       Conj/Hex       25%        3d14      1%          4
d - Iskenderun's Mystic   Conj/Tloc      50%        2d11      1%          4
z - Blink                 Tloc           58%        N/A       1%          2

Your spell library contained the following spells:

 Spells                   Type           Power      Damage    Failure   Level
 Inner Flame              Hex/Fire       21%        N/A       1%          3
 Sandblast                Erth           24%        2d8       1%          1
 Slow                     Hex            100%       N/A       1%          1
 Momentum Strike          Conj/Tloc      100%       3d10      1%          2
 Dazzling Flash           Conj/Hex       100%       N/A       1%          3
 Stone Arrow              Conj/Erth      82%        3d12      1%          3
 Confusing Touch          Hex            29%        N/A       3%          3
 Lesser Beckoning         Tloc           58%        N/A       3%          3
 Passwall                 Tmut/Erth      10%        N/A       7%          2
 Vampiric Draining        Necr           12%        2d6       13%         3


Dungeon Overview and Level Annotations

Branches:
Dungeon (10/15)            Temple (1/1) D:4             Orc (0/2) D:9
   Lair: D:8-11

Altars:
Ashenzari
Cheibriados
Dithmenos
Elyvilon
Fedhas
Gozag
Hepliaklqana
Kikubaaqudgha
Makhleb
Nemelex Xobeh
Okawaru
Qazlal
Ru
Sif Muna
Trog
Uskayaw
Vehumet
Wu Jian
Xom
Yredelemnul
Zin
The Shining One

Annotations:
D:10 Erica, Harold


Innate Abilities, Weirdness & Mutations

You can spit globs of acid.
Your golden yellow scales are hard. (AC +7)
You cannot fit into any form of body armour.
You are cold-blooded and may be slowed by cold attacks.
You are resistant to acid. (rCorr)


Message History

You start resting.
Magic restored.
You start resting.
Harold is nearby!
Harold is nearby!
The orc wizard points at you and mumbles some strange words.
The puff of flame misses you.
Press: ? - help, Shift-Dir - straight line, f - you
Okay, then.
As you read the scroll of teleportation, it crumbles to dust.
You feel strangely unstable. The orc wizard casts a spell at you.
The puff of flame hits you.
Okay, then.
Okay, then.
Aiming: Quicksilver Bolt
Press: ? - help, Shift-Dir - straight line, f - you That beam is likely to hit you.
Continue anyway?
The bolt of dispelling energy hits you!!
You feel strangely stable.
Your magical effects are unravelling.
The sentinel's mark upon you fades away.
You are no longer corroded.
Harold barely misses you.
The orc wizard points at you and mumbles some strange words.
Harold attacks as you move away! Harold misses you. Something hits you.
Harold attacks as you move away!
Harold hits you with a +2 short sword of electrocution!
* * * LOW HITPOINT WARNING * * *
Erica the Fiery-Tempered comes into view.
She is wielding a +1 scimitar of flaming and carrying a wand of roots (7).
Erica shouts!
You hear a shout!
Harold fires a harpoon shot at you. The harpoon shot hits you!!
* * * LOW HITPOINT WARNING * * *
You are yanked forward by the harpoon shot.
Erica screams, "You'll never get it!"
Something hits Harold but does no damage.
Harold attacks as you move away!
Harold hits you with a +2 short sword of electrocution!
You die...

######
###....#
#......#
#......#
##......#
#.@.4...#
#@{.o...#
#.....4.@..
########.##
.# #


You could see Harold, Erica, a rust devil, a red devil and an orc wizard.

Vanquished Creatures
  Fannar (D:10)
  Lodul (D:9)
  A cyclops (D:9)
  An elephant (D:10)
  2 rust devils (D:10)
  An orange demon (D:10)
  A kobold demonologist (D:10)
  2 trolls
  A hornet (D:8)
  6 yaks
  A wyvern (D:10)
  2 basilisks (D:10)
  4 vampire mosquitoes (D:9)
  2 steam dragons
  A chaos spawn (D:10)
  A water moccasin (D:7)
  An acid dragon (D:10)
  2 ice beasts
  2 sky beasts
  2 orc warriors
  2 black bears (D:7)
  2 phantoms (D:6)
  8 ogres
  A centaur (D:10)
  2 necrophages
  3 bullfrogs
  4 scorpions
  14 wights
  9 killer bees
  A howler monkey (D:4)
  3 jellies
  4 hounds
  3 quasits
  6 orc priests
  Ijyb (D:5)
  Natasha (twice) (D:3)
  An iguana (D:5)
  9 orc wizards
  Robin (D:2)
  6 adders
  4 gnolls (D:2)
  A shadow imp (D:5)
  A white imp (D:7)
  2 ufetubi (D:6)
  3 worms
  5 dart slugs
  42 orcs
  5 endoplasms
  2 giant cockroaches
  13 goblins
  8 hobgoblins
  9 jackals
  4 quokkas
  8 ball pythons
  6 bats
  3 frilled lizards
  10 kobolds
  6 rats
249 creatures vanquished.

Vanquished Creatures (others)
  5 demonic plants (D:10)
  12 fulminant prisms
  A fungus (D:10)
  A plant (D:10)
19 creatures vanquished.

Grand Total: 268 creatures vanquished

Notes
Turn   | Place    | Note
-------+----------+-------------------------------------------
     0 | D:1      | themarg the Draconian Conjurer began the quest for the Orb.
     0 | D:1      | Reached XP level 1. HP: 14/14 MP: 3/3
   188 | D:1      | Reached XP level 2. HP: 16/20 MP: 1/5
   235 | D:1      | Learned a level 2 spell: Searing Ray
   634 | D:1      | You fall into a shaft and drop 1 floor!
   671 | D:2      | Reached XP level 3. HP: 26/26 MP: 1/7
  1205 | D:2      | Noticed Robin
  1519 | D:2      | Reached XP level 4. HP: 33/33 MP: 5/8
  1749 | D:2      | Killed Robin
  3044 | D:3      | Reached XP level 5. HP: 38/38 MP: 4/10
  3319 | D:3      | Noticed Natasha
  3324 | D:3      | Killed Natasha
  3538 | D:3      | Noticed Natasha
  3912 | D:3      | Killed Natasha
  4162 | D:4      | Reached skill level 5 in Conjurations
  4293 | D:4      | Found a staircase to the Ecumenical Temple.
  4304 | Temple   | Entered the Ecumenical Temple
  4518 | Temple   | Became a worshipper of Vehumet
  4553 | D:4      | Reached XP level 6. HP: 45/45 MP: 8/12
  4795 | D:4      | Identified the +12 dagger of Ophing {vorpal, rPois rCorr
                  | Str-5}
  4891 | D:4      | Found Wadopp's Weapon Shoppe.
  4943 | D:4      | Identified the +1 robe of Beococet {Drain rC++ rN+ Regen+}
  5380 | D:5      | Entered Level 5 of the Dungeon
  5431 | D:5      | Reached skill level 5 in Spellcasting
  5734 | D:5      | Your scales start taking on a golden yellow colour.
  5734 | D:5      | Reached XP level 7. HP: 50/50 MP: 10/14
  5734 | D:5      | Gained mutation: You are resistant to acid. (rCorr) [Yellow
                  | Draconian growth]
  5815 | D:5      | Reached * piety under Vehumet
  5815 | D:5      | Offered knowledge of Shock by Vehumet.
  5910 | D:5      | Noticed Ijyb
  6252 | D:5      | Killed Ijyb
  6664 | D:6      | Reached skill level 1 in Hexes
  6664 | D:6      | Reached skill level 1 in Translocations
  6921 | D:6      | Reached XP level 8. HP: 57/57 MP: 7/15
  6996 | D:6      | Identified the +3 trident of Paonog {venom, Dex+4}
  7606 | D:6      | Learned a level 2 spell: Blink
  7611 | D:6      | Learned a level 4 spell: Fulminant Prism
  7616 | D:6      | Learned a level 4 spell: Iskenderun's Mystic Blast
  8436 | D:7      | Reached ** piety under Vehumet
  8481 | D:7      | Found an ancient bone altar of Kikubaaqudgha.
  8494 | D:7      | Offered knowledge of Static Discharge by Vehumet.
  8495 | D:7      | Reached skill level 10 in Conjurations
  8495 | D:7      | Reached skill level 1 in Fighting
  8495 | D:7      | Reached XP level 9. HP: 50/64 MP: 16/16
  8875 | D:7      | Reached skill level 5 in Fighting
  9347 | D:8      | Offered knowledge of Frozen Ramparts by Vehumet.
  9668 | D:8      | Reached skill level 5 in Dodging
  9734 | D:8      | Reached *** piety under Vehumet
  9874 | D:9      | Reached XP level 10. HP: 68/86 MP: 13/17
 10148 | D:9      | Noticed a cyclops
 10159 | D:9      | Killed a cyclops
 10952 | D:9      | Offered knowledge of Inner Flame by Vehumet.
 11065 | D:9      | Found a staircase to the Orcish Mines.
 11068 | D:9      | Found a white marble altar of Elyvilon.
 11070 | D:9      | Found an iron altar of Okawaru.
 11070 | D:9      | Found a broken altar of Ashenzari.
 11070 | D:9      | Found a shimmering altar of Xom.
 11225 | D:10     | Entered Level 10 of the Dungeon
 11225 | D:10     | Noticed an orange demon
 11225 | D:10     | Noticed Lodul
 11225 | D:10     | Noticed a two-headed ogre
 11317 | D:10     | Noticed Fannar
 11330 | D:10     | Killed Fannar
 11573 | D:10     | Noticed an orange demon
 11618 | D:10     | Noticed a soul eater
 11620 | D:10     | Reached skill level 10 in Fighting
 11620 | D:10     | Reached skill level 1 in Evocations
 11732 | D:10     | Noticed a rust devil
 11742 | D:10     | Noticed Harold
 11905 | D:10     | Paralysed by Lodul for 4 turns
 12051 | D:9      | Killed Lodul
 12052 | D:9      | Reached XP level 11. HP: 85/99 MP: 8/22
 12356 | D:10     | Found an opulent altar of Gozag.
 12590 | D:10     | Reached skill level 5 in Evocations
 12627 | D:10     | Noticed Erica
 12627 | D:10     | HP: 3/99 [Harold/harpoon shot (21)]
 12628 | D:10     | Mangled by Harold

Illustrated notes

Levels and vault maps discovered:
D:1:      amcnicky_arrival_blooded_trapdoor, layout_loops_ring
D:2:      layout_rooms, uniq_robin
D:3:      layout_loops_ring, uniq_natasha
D:4:      layout_layer_cave, minmay_temple_entry_trees, serial_shops,
          nicolae_shop_bloodbath_and_beyond
D:5:      layout_cave_pools, uniq_ijyb
D:6:      minmay_inner_zag, layout_loops_corners
D:7:      layout_basic, mainiacjoe_overflow_boulevard, minivault_1
D:8:      layout_rooms
D:9:      layout_irregular_city, grunt_temple_overflow_open, orc_0_dummy
D:10:     layout_rooms, grunt_gozag_breadcrumbs, david_lair_generic,
          serial_demonic, serial_demonic_f, serial_demonic_a, serial_demonic_b,
          serial_demonic_a, uniq_harold, uniq_lodul, uniq_sonja, uniq_fannar,
          uniq_erica
Temple:   eino_temple_rhombus

Skill      XL: |  1  2  3  4  5  6  7  8  9 10 11 |
---------------+----------------------------------+-----
Stealth        | 2 3 |  3.0
Spellcasting   | 3 4 5 7 8 |  8.5
Conjurations   | 5 6 7 10 | 10.0
Hexes          | 1 3 |  3.0
Translocations | 2 3 |  3.0
Fighting       | 1 7 10 | 10.0
Dodging        | 5 |  5.0
Evocations     | 3 5 |  5.0

Action                   |  1- 3 |  4- 6 |  7- 9 | 10-12 || total
-------------------------+-------+-------+-------+-------++-------
Melee: Hand axe          |    26 |     3 |       |       ||    29
       Dagger            |       |     2 |    64 |    21 ||    87
       Tailslap          |       |       |     7 |     4 ||    11
       Punch             |       |       |     1 |       ||     1
 Cast: Magic Dart        |    35 |    58 |    10 |     3 ||   106
       Searing Ray       |    12 |    37 |    58 |    19 ||   126
       Iskenderun's Myst |       |       |     2 |    42 ||    44
       Fulminant Prism   |       |       |     1 |    11 ||    12
 Abil: Breathe Acid      |       |       |     6 |    15 ||    21
Evoke: Wand              |       |       |       |     2 ||     2
  Use: Potion            |       |     1 |     2 |     1 ||     4
       Scroll            |       |     5 |     2 |     9 ||    16
 Stab: Sleeping          |       |       |     1 |       ||     1
Armor: Skin              |    13 |     5 |    38 |    40 ||    96
Dodge: Dodged            |    33 |    15 |    83 |    83 ||   214

Table legend: (Time is in decaauts)
 A = Elapsed time spent in this place.
 B = Non-inter-level travel time spent in this place.
 C = Inter-level travel time spent in this place.
 D = Time resting spent in this place.
 E = Time spent auto-exploring this place.
 F = Levels seen in this place.
 G = Mean time per level.
                   A        B        C        D        E       F      G
               +--------+--------+--------+--------+--------+-----+--------+
         Total |  12633 |  12035 |    598 |   1647 |   8552 |  11 | 1148.5 |
       Dungeon |  12403 |  11820 |    583 |   1647 |   8360 |  10 | 1240.3 |
        Temple |    230 |    215 |     15 |      0 |    192 |   1 |  230.0 |
               +--------+--------+--------+--------+--------+-----+--------+

Top non-repeatable levels by time:
     D:9: 2011 daAuts
     D:2: 1749 daAuts
     D:6: 1581 daAuts
     D:4: 1305 daAuts
     D:3: 1182 daAuts
     D:1: 1137 daAuts
     D:5: 919 daAuts
     D:8: 892 daAuts
     D:7: 852 daAuts
    D:10: 771 daAuts
  Temple: 230 daAuts
